 Dungeon Crawl Stone Soup version 0.28-a0-1404-g4df0f3684d (webtiles) character file.

Game seed: 956270242844498919

63 HallandMoats the Shield-Bearer (level 4, -2/35 HPs)
             Began as a Formicid Fighter on Jan 5, 2022.
             Slain by a gnoll (3 damage)
             ... on level 2 of the Dungeon.
             The game lasted 00:01:40 (1253 turns).

HallandMoats the Shield-Bearer (Formicid Fighter)   Turns: 1253, Time: 00:01:42

Health: -2/35      AC:  7    Str: 21    XL:     4   Next: 31%
Magic:  4/4        EV: 10    Int:  7    God:
Gold:   52         SH:  5    Dex: 12    Spells: 3/3 levels left

rFire   . . .      SeeInvis +   a - +0 war axe
rCold   . . .      Faith    .   c - +0 buckler
rNeg    . . .      Spirit   .   b - +0 scale mail
rPois   .          Reflect  .   (helmet unavailable)
rElec   .          Harm     .   (no cloak)
rCorr   .          Rampage  .   (no gloves)
Will    .....                   (no boots)
Stlth   ..........              (no amulet)
HPRegen 0.11/turn               (no ring)
MPRegen 0.09/turn               (no ring)

@: mighty
A: permanent stasis, dig shafts and tunnels, antennae 3, four strong arms
a: Dig, Shaft Self


You were on level 2 of the Dungeon.
You visited 1 branch of the dungeon, and saw 2 of its levels.

You collected 52 gold pieces.

Inventory:

Hand Weapons
 a - a +0 war axe (weapon)
Missiles
 i - 3 boomerangs of dispersal (quivered)
Armour
 b - a +0 scale mail (worn)
 c - a +0 buckler (worn)
Scrolls
 e - 3 scrolls of identify {unknown}
 h - a scroll of teleportation {unknown}
 j - a scroll of blinking {unknown}
Potions
 f - a potion of curing {unknown}
 g - 3 potions of attraction {unknown}
 k - a potion of degeneration {unknown}
 l - a potion of lignification {unknown}
 m - a potion of berserk rage {unknown}


   Skills:
 + Level 3.5 Fighting
 + Level 2.4 Axes
 + Level 3.7 Armour
 * Level 1.7 Dodging
 + Level 3.9 Shields
 + Level 1.2 Invocations


You had 3 spell levels left.
You didn't know any spells.
Your spell library was empty.

Dungeon Overview and Level Annotations

Branches:
Dungeon (2/15)

Altars:


Innate Abilities, Weirdness & Mutations

You cannot be hasted, slowed, berserked, paralysed or teleported.
You can dig through walls and to a lower floor.
You have a pair of large antennae on your head. (SInv)
Your four strong arms can wield two-handed weapons with a shield.


Message History

a frilled lizard corpse; a frilled lizard corpse A gnoll comes into view.
It is wielding a +0 whip.
Found a dagger.
The gnoll shouts!
A gnoll comes into view. It is wielding a +0 spear of flaming.
A gnoll comes into view. It is wielding a +0 club.
The gnoll shouts! x2
Throw: 4 boomerangs (disperse)
Press: ? - help, Q - select action, (/) - cycle Shift-Dir - straight line, f - gnoll
Aim: a gnoll, wielding a +0 whip (61% to hit)
Okay, then.
The gnoll throws a throwing net.
The throwing net barely misses you.
You see here a throwing net.
The gnoll hits you with a +0 whip.
You hit the gnoll.
The gnoll is lightly wounded.
The gnoll hits you with a +0 whip. The gnoll hits you but does no damage.
You closely miss the gnoll.
The gnoll is lightly wounded.
The gnoll hits you with a +0 whip.
You slash the gnoll!
You kill the gnoll!
You barely miss the gnoll. The gnoll hits you with a +0 whip.
The gnoll hits you from afar with a +0 spear of flaming.
The gnoll burns you. You block the gnoll's attack.
Throw: 4 boomerangs (disperse)
Press: ? - help, Q - select action, (/) - cycle Shift-Dir - straight line, f - gnoll
Aim: a gnoll, wielding a +0 spear of flaming (61% to hit)
You throw a boomerang of dispersal.
The boomerang of dispersal hits the gnoll but does no damage.
You block the gnoll's attack. The gnoll hits you with a +0 whip!
* * * LOW HITPOINT WARNING * * *
The gnoll closely misses you.
You feel very mighty all of a sudden. The gnoll hits you with a +0 whip.
* * * LOW HITPOINT WARNING * * *
The gnoll hits you from afar with a +0 spear of flaming.
* * * LOW HITPOINT WARNING * * *
The gnoll burns you.
You die...

..........#.).....#
#####<#.###...(...#
..................# #######
######..####......# #......##
#.>..........# ..≈≈≈≈..#####
###########.## .≈≈≈≈≈≈.....#
#.....# #.#
.≈≈≈≈≈≈..†..#######.....# #.#
..≈≈≈≈g..†(.ggg@........###.####
#.≈g≈≈...†..#######............#
#........(..# ##.###.......#
#####.......########.# #....>..#
####.#...........# #.......#
#.#.#########.# #.......# #.#.#
### ####.#### #.#.# ..# #)#.#
###


You could see 3 gnolls.

Vanquished Creatures
  A gnoll (D:2)
  An adder (D:2)
  A dart slug (D:2)
  2 ball pythons (D:1)
  6 endoplasms
  5 giant cockroaches
  6 goblins
  4 hobgoblins
  2 bats (D:1)
  9 frilled lizards
  2 kobolds
  3 rats
42 creatures vanquished.

Notes
Turn   | Place    | Note
-------+----------+-------------------------------------------
     0 | D:1      | HallandMoats the Formicid Fighter began the quest for the
                  | Orb.
     0 | D:1      | Reached XP level 1. HP: 18/18 MP: 1/1
   163 | D:1      | Reached XP level 2. HP: 18/24 MP: 2/2
   365 | D:1      | Reached skill level 1 in Dodging
   546 | D:1      | Reached XP level 3. HP: 29/29 MP: 3/3
   952 | D:2      | Reached skill level 1 in Invocations
  1202 | D:2      | Reached XP level 4. HP: 35/35 MP: 4/4
  1253 | D:2      | HP: 1/35 [gnoll (6)]
  1253 | D:2      | Slain by a gnoll

Illustrated notes

Levels and vault maps discovered:
D:1:      dpeg_arrival_rooms_with_view, layout_loops_ring,
          minmay_small_reverse_x
D:2:      layout_basic, minmay_lizard_pond, uniq_natasha

Skill      XL: |  1  2  3 |
---------------+----------+-----
Dodging        | 1 |  1.7
Invocations    | 1 |  1.2
Fighting       | |  3.5
Axes           | |  2.4
Armour         | |  3.7
Shields        | |  3.9

Action                   |  1- 3 |  4- 6 || total
-------------------------+-------+-------++-------
Melee: War axe           |    80 |    16 ||    96
Throw: Boomerang         |       |     1 ||     1
 Abil: Dig               |     1 |       ||     1
  Use: Potion            |       |     1 ||     1
Armor: Scale mail        |    30 |    15 ||    45
Dodge: Dodged            |    34 |    11 ||    45
Block: Buckler           |    23 |     4 ||    27

Table legend: (Time is in decaauts)
 A = Elapsed time spent in this place.
 B = Non-inter-level travel time spent in this place.
 C = Inter-level travel time spent in this place.
 D = Time resting spent in this place.
 E = Time spent auto-exploring this place.
 F = Levels seen in this place.
 G = Mean time per level.
                   A        B        C        D        E       F      G
               +--------+--------+--------+--------+--------+-----+--------+
         Total |   1292 |   1286 |      6 |      0 |    996 |   2 |  646.0 |
       Dungeon |   1292 |   1286 |      6 |      0 |    996 |   2 |  646.0 |
               +--------+--------+--------+--------+--------+-----+--------+

Top non-repeatable levels by time:
     D:1: 906 daAuts
     D:2: 386 daAuts
